 Dungeon Crawl Stone Soup version 0.22-a0-160-gcc81d7a (webtiles) character file.

22 mhoghedin the Ruffian (level 2, -2/26 (27) HPs)
             Began as a Ghoul Monk on Feb 10, 2018.
             Slain by an adder (4 damage)
             ... on level 2 of the Dungeon.
             The game lasted 00:00:50 (868 turns).

mhoghedin the Ruffian (Ghoul Monk)                   Turns: 868, Time: 00:00:50

HP:   -2/26 (27)    AC:  2    Str: 14    XL:     2   Next: 91%
MP:   1/1           EV: 13    Int:  5    God:
Gold: 37            SH:  0    Dex: 11    Spells: 1/1 levels left

rFire    . . .     SeeInvis .     - Unarmed
rCold    + . .     Gourm    .   (no shield)
rNeg     + + +     Faith    .   a - +0 robe
rPois    ∞         Spirit   .   (no helmet)
rElec    .         Reflect  .   (no cloak)
rCorr    .         Harm     .   (no gloves)
MR       .....                  (no boots)
Stlth    ++........             (no amulet)
HPRegen  0.00/turn              (no ring)
MPRegen  0.07/turn              (no ring)

@: rotting
A: rotting body, claws 1, carnivore, cold resistance 1, negative energy
resistance 3, inhibited regeneration, torment resistance, unbreathing
a: no special abilities


You were on level 2 of the Dungeon.
You were not hungry.

You visited 1 branch of the dungeon, and saw 2 of its levels.

You collected 37 gold pieces.

Inventory:

Armour
 a - a +0 robe (worn)
Scrolls
 c - a scroll of blinking {unknown}
 d - a scroll of noise {unknown}
 e - a scroll of enchant weapon {unknown}
 g - a scroll of random uselessness {unknown}
 h - a scroll of teleportation {unknown}
Potions
 f - a potion of cancellation {unknown}
 i - a potion of lignification {unknown}
 j - a potion of brilliance {unknown}
Comestibles
 b - 3 rations


   Skills:
 + Level 3.7 Fighting
 + Level 3.0 Dodging
 - Level 2.1 Stealth
 + Level 3.7 Unarmed Combat


You had one spell level left.
You didn't know any spells.

Dungeon Overview and Level Annotations

Branches:
Dungeon (2/15)

Altars:
Yredelemnul


Innate Abilities, Weirdness & Mutations

Your body is rotting away.
You thrive on raw meat.
You are immune to poison.
You have sharp fingernails.
You are carnivorous and can eat meat at any time.
Your flesh is cold resistant. (rC+)
You are immune to negative energy. (rN+++)
You do not regenerate when monsters are visible.
You are immune to unholy pain and torment.
You can survive without breathing.


Message History

You butcher the kobold corpse.
f - 4 chunks of flesh {@w0} (gained 2)
Things that are here:
a whip; 2 stones; a kobold skeleton You open the door.
There is an open door here.
j - an orange potion
There is an open door here.
You open the door.
There is an open door here.
There is an open door here.
Some of the chunks of flesh in your inventory have rotted away.
You open the door.
There is an open door here.
You see here a ring mail.
All of the chunks of flesh in your inventory have rotted away.
A goblin comes into view.
You see here 4 gold pieces.
A goblin is nearby!
The helpless goblin fails to defend itself.
You scratch the goblin. The goblin completely misses you.
You scratch the goblin but do no damage.
The goblin hits you but does no damage.
You scratch the goblin.
You kill the goblin!
No target in view!
No target in view!
No target in view!
No target in view!
No target in view!
No target in view!
You now have 37 gold pieces (gained 4).
You see here a club.
You enter the shallow water.
Moving in this stuff is going to be slow.
Done exploring.
Done exploring.
No target in view!
(D) Dungeon
Where to? (? - help)
You enter the shallow water.
Moving in this stuff is going to be slow.
There is a stone staircase leading down here.
You climb downwards.
There is a stone staircase leading up here.
You see here a leather armour.
An adder comes into view.
The adder hisses angrily.
You closely miss the adder. The adder closely misses you.
You scratch the adder. The adder bites you.
You take 1 damage, and have 25/26 hp.
You scratch the adder. The adder bites you.
You take 3 damage, and have 22/26 hp.
You miss the adder. The adder misses you. The adder closely misses you.
You scratch the adder.
You kill the adder!
Your Dodging skill increases to level 3!
No target in view!
No target in view!
No target in view!
No target in view!
No target in view!
No target in view!
No target in view!
No target in view!
No target in view!
No target in view!
No target in view!
No target in view!
No target in view!
b - 3 rations (gained 1)
You feel your flesh rotting away.
f - a fizzy coppery potion
Found a basalt altar of Yredelemnul.
You regained 2 hp, and now have 25/26 hp.
An adder and a gnoll come into view.
The gnoll shouts!
You hear a shout! 2 gnolls come into view.
You see here a yellow potion.
The gnoll moves out of view.
The adder hisses angrily.
There is a basalt altar of Yredelemnul here.
A kobold comes into view. It is wielding a short sword.
The kobold shouts!
You hear a shout!
The gnoll barely misses you.
The gnoll hits you from afar with a spear!
You take 7 damage, and have 18/26 hp.
MASSIVE DAMAGE!!
You barely miss the adder.
The gnoll hits you from afar with a spear.
The adder bites you.
You take 7 damage, and have 11/26 hp.
MASSIVE DAMAGE!!
You claw the adder! The adder bites you.
The gnoll hits you from afar with a spear.
* * * LOW HITPOINT WARNING * * *
You take 9 damage, and have 2/26 hp.
MASSIVE DAMAGE!!
The adder bites you.
You die...

...... ##.#
..... #.# ....
#.# g.# #.# #.#
#.# #g### #.#
##.).# #.#
#..###..!K###.#
#......_..gS@.#
#.###....###.##
#...## #.#
###.# #.# #.#
#.# #.. ..# ..#
### .##


You could see a gnoll, an adder and a kobold.

Vanquished Creatures
  An adder (D:2)
  A leopard gecko (D:1)
  3 bats (D:1)
  A hobgoblin (D:1)
  A kobold (D:1)
  2 goblins (D:1)
  3 rats (D:1)
12 creatures vanquished.

Notes
Turn   | Place    | Note
-------+----------+-------------------------------------------
     0 | D:1      | mhoghedin the Ghoul Monk began the quest for the Orb.
     0 | D:1      | Reached XP level 1. HP: 19/19 MP: 0/0
   150 | D:1      | Reached XP level 2. HP: 26/26 MP: 1/1
   827 | D:2      | Reached skill level 3 in Dodging
   853 | D:2      | Found a basalt altar of Yredelemnul.
   867 | D:2      | HP: 2/26 [gnoll/spear (6)]
   868 | D:2      | Slain by an adder

Vault maps used:
D:1:      dpeg_arrival_more_subterranean_lakeside_camping,
          minmay_misc_feat_doors
D:2:      nicolae_overflow_crystal_walls, first_ration

Skill      XL: |  1  2 |
---------------+-------+-----
Dodging        | 3 |  3.0
Fighting       | |  3.7
Stealth        | |  2.1
Unarmed Combat | |  3.7

Action                   || total
-------------------------++-------
Melee: Unarmed           ||    29
       Punch             ||     1
 Stab: Sleeping          ||     2
Armor: Robe              ||     8
Dodge: Dodged            ||    25

Table legend:
 A = Spawn XP
 B = Non-spawn XP
 C = Spawn XP percentage of total XP
 D = Spawn monster count
 E = Non-spawn monster count
 F = Spawn count percentage of total count
 G = Total turns spent on level
                    A         B        C        D         E        F      G
               +---------+---------+-------+---------+---------+-------+---------
         Total |       0 |      32 |   0.0 |       0 |      12 |   0.0 |   868
               +---------+---------+-------+---------+---------+-------+---------
           D:1 |       0 |      19 |   0.0 |       0 |      11 |   0.0 |   814
           D:2 |       0 |      13 |   0.0 |       0 |       1 |   0.0 |    54
               +---------+---------+-------+---------+---------+-------+---------

Vault maps used:
D:1:      dpeg_arrival_more_subterranean_lakeside_camping,
          minmay_misc_feat_doors
D:2:      nicolae_overflow_crystal_walls, first_ration

Table legend:
 A = Turns spent in this place as a percentage of turns spent in the entire game.
 B = Non-inter-level travel turns spent in this place as a percentage of non-inter-level travel turns spent in the entire game.
 C = Inter-level travel turns spent in this place as a percentage of turns spent in this place.
 D = Turns resting spent in this place as a percentage of non-inter-level travel turns spent in this place.
 E = Turns spent auto-exploring this place as a percentage of non-inter-level travel turns spent in this place.
 F = Non-inter-level travel turns spent in this place divided by the number of levels of this place that you've seen.
                   A       B       C       D       E      F
               +-------+-------+-------+-------+-------+----------------------
         Total | 100.0 | 100.0 |   2.5 |   0.0 |  88.3 | 423.0
       Dungeon | 100.0 | 100.0 |   2.5 |   0.0 |  88.3 | 423.0
               +-------+-------+-------+-------+-------+----------------------

Table legend:
 A = Kills in this place as a percentage of kills in entire the game.
 B = Kills by you in this place as a percentage of kills by you in the entire game.
 C = Kills by friends in this place as a percentage of kills by friends in the entire game.
 D = Other kills in this place as a percentage of other kills in the entire game.
 E = Experience gained in this place as a percentage of experience gained in the entire game.
 F = Experience gained in this place divided by the number of levels of this place that you have seen.
                   A       B       C       D       E      F
               +-------+-------+-------+-------+-------+----------------------
         Total | 100.0 | 100.0 |   N/A |   N/A | 100.0 |  16.0
       Dungeon | 100.0 | 100.0 |   N/A |   N/A | 100.0 |  16.0
               +-------+-------+-------+-------+-------+----------------------
